Map: Eastwatch LE

Players

Lillekanin - Winner!

  • Race: Terran Terran
  • Spawn Location: 7:00

ShoWTimE

  • Race: Protoss Protoss
  • Spawn Location: 1:00

Event: WCS Leipzig 2018

VOD

Have the link to the VOD?

Description

Time

  • Played on: Jan. 26, 2018, 7:01 a.m.
  • Length: 3:29

All games in this series

Show
View Real Time Build Order
Export as new Build Order

Lillekanin Terran - Winner!

Build Orders: Cyclone Opening 

Get SALT Encoding   

  12  0:00  SCV  
  13  0:13  SCV  
  14  0:18  Supply Depot  
  14  0:25  SCV  
  15  0:30  Refinery  
  15  0:40  SCV  
  16  0:48  Barracks  
  16  0:52  SCV  
  17  0:59  Refinery  
  17  1:04  SCV  
  18  1:16  SCV  
  20  1:35  Ghost Academy  
  20  1:38  Orbital Command  
  19  1:47  Barracks Tech Lab  
  19  1:49  Ghost Academy  
  19  1:59  Factory  
  19  2:05  SCV  
  20  2:20  Ghost  
  23  2:27  Supply Depot  
  23  2:28  SCV  
  22  2:40  SCV  
  23  2:48  Ghost  
  25  2:52  SCV  
  25  2:55  Cyclone  
  29  3:05  SCV  
  30  3:17  SCV  
  31  3:27  Supply Depot  
Show
View Real Time Build Order
Export as new Build Order

ShoWTimE Protoss 

Build Orders:  

Get SALT Encoding   

  12  0:01  Probe  
  13  0:13  Probe  
  14  0:18  Pylon  
  14  0:25  Probe (Chrono Boost)  
  15  0:37  Probe (Chrono Boost), Gateway  
  16  0:45  Probe (Chrono Boost)  
  16  0:46  Assimilator  
  17  0:51  Probe  
  18  1:03  Probe  
  19  1:15  Probe  
  20  1:26  Zealot  
  20  1:27  Pylon, Cybernetics Core  
  20  1:28  Probe  
  20  1:32  Assimilator  
  23  1:45  Probe  
  24  1:57  Probe  
  25  2:02  Stalker (Chrono Boost)  
  27  2:09  Probe  
  28  2:21  Probe, Pylon  
  29  2:24  Stargate  
  29  2:28  Adept  
  31  2:39  Probe  
  32  2:51  Probe  
  31  2:58  Shield Battery  
  31  3:03  Probe, Robotics Facility  
  26  3:15  Probe  
Tags
 
Add a new tag
Caveats
  • Supply blocks, unpowered buildings, or Contaminate may cause inaccurate times.
  • Supply counts are checked every 10 seconds.